 Dungeon Crawl Stone Soup version 0.31.0-12-g77e489cdc1 (webtiles) character file.

Game seed: 5669381763940361419

1107 Rubinix the Cudgeller (level 8, -4/73 HPs)
             Began as a Minotaur Berserker on Mar 2, 2024.
             Was a Priest of Trog.
             Slain by an ogre
             ... wielding a +0 giant club
              (12 damage)
             ... on level 6 of the Dungeon.
             The game lasted 00:12:04 (5188 turns).

Rubinix the Cudgeller (Minotaur Berserker)          Turns: 5188, Time: 00:12:05

Health: -4/73      AC:  9    Str: 24    XL:     8   Next: 11%
Magic:  7/7        EV: 10    Int:  4    God:    Trog [***...]
Gold:   259        SH:  0    Dex: 10    Spells: 7/7 levels left

rFire   . . .        l - +2 mace (holy)
rCold   . . .        (no shield)
rNeg    + . .        m - +0 scale mail
rPois   .            (helmet restricted)
rElec   .            (no cloak)
rCorr   +            f - +2 pair of gloves
SInv    .            (no boots)
Will    .....        (no amulet) Stlth
                     r - ring of positive energy
HPRegen 0.32/turn    v - ring of resist corrosion
MPRegen 0.10/turn

%: no passive effects
@: no status effects
A: horns 2, retaliatory headbutt
a: Renounce Religion, Berserk, Trog's Hand


You were on level 6 of the Dungeon.
You worshipped Trog.
Trog was most pleased with you.
You visited 1 branch of the dungeon, and saw 6 of its levels.

You collected 259 gold pieces.

Inventory:

Hand Weapons
 a - a +0 hand axe
 g - a +3 great mace of protection
 l - a +2 mace of holy wrath (weapon)
Armour
 f - a +2 pair of gloves (worn)
 m - a +0 scale mail (worn)
Jewellery
 r - a ring of positive energy (left hand)
 v - a ring of resist corrosion (right hand)
Wands
 j - a wand of paralysis (9)
 s - a wand of quicksilver (8)
Scrolls
 h - a scroll of noise
 n - a scroll of vulnerability
 p - a scroll of fear
Potions
 b - 2 potions of magic
 c - 2 potions of berserk rage
 d - 2 potions of curing
 e - 2 potions of heal wounds
 i - a potion of ambrosia
 k - 2 potions of degeneration {unknown}
 o - 4 potions of lignification {unknown}
 q - a potion of cancellation {unknown}
 t - a potion of enlightenment {unknown}
 u - a potion of attraction {unknown}
 x - a potion of mutation {unknown}


   Skills:
 + Level 7.0 Fighting
 - Level 4.7(7.5) Axes
 + Level 7.5(8.2) Maces & Flails
 - Level 4.8(5.8) Polearms
 - Level 2.4 Armour
 - Level 2.1 Dodging


You had 7 spell levels left.
You didn't know any spells.
Your spell library was empty.

Dungeon Overview and Level Annotations

Branches:
Dungeon (6/15)             Temple (0/1) D:5

Altars:
Ashenzari
Cheibriados
Dithmenos
Gozag
Kikubaaqudgha
Makhleb
Nemelex Xobeh
Qazlal
Sif Muna
Uskayaw
Vehumet
The Shining One

Shops:
D:1 *

Annotations:
D:4 1 runed translucent door, Verono's ghost, amateur GnSh


Innate Abilities, Weirdness & Mutations

You have a pair of horns on your head.
You reflexively headbutt those who attack you in melee.


Message History

The centaur shouts!
The centaur wields a +0 shortbow.
The centaur shoots an arrow.
The arrow hits you.
A centaur is nearby!
The centaur shoots an arrow.
The arrow hits you!
The centaur shoots an arrow.
The arrow hits you!
A scorpion comes into view.
The centaur shoots an arrow.
The arrow hits you.
The centaur shoots an arrow.
The arrow hits you!
The centaur shoots an arrow.
The arrow misses you.
An ogre comes into view. It is wielding a +0 giant club.
The ogre shouts!
You hit the scorpion.
The scorpion is moderately wounded.
The scorpion closely misses you. You furiously retaliate!
You headbutt the scorpion! You thump the scorpion!
You kill the scorpion!
Trog accepts your kill.
The centaur shoots an arrow.
The arrow hits you.
Your Fighting skill increases to level 7!
The centaur unwields a +0 shortbow.
The centaur hits you.
The centaur kicks you but does no damage.
The centaur hits you.
The centaur kicks you but does no damage.
You closely miss the centaur. The centaur hits you.
The centaur kicks you but does no damage.
The ogre hits you with a +0 giant club!!
* * * LOW HITPOINT WARNING * * *
You sock the centaur!
The centaur is moderately wounded.
The centaur closely misses you.
The centaur kicks you but does no damage.
The centaur barely misses you.
The centaur kicks you but does no damage.
You barely miss the centaur. You headbutt the centaur.
The centaur is heavily wounded.
The centaur hits you but does no damage.
The centaur barely misses you. The ogre hits you with a +0 giant club!
You die...

##.....##
##.......
#.......##
#........##
#......... #......
#.cO# #@# #.# #.#
+# #.# #.# #.# #.#
#.############.###
#...............#.
#########..[.....#
#.##..>.##


You could see an ogre and a centaur.

Vanquished Creatures
  A water moccasin (D:6)
  3 ogres (D:5)
  A phantom (D:5)
  A scorpion (D:6)
  A howler monkey (D:4)
  4 hounds
  A jelly (D:4)
  2 orc priests (D:5)
  Jessica (D:3)
  2 iguanas
  Ijyb (D:3)
  2 orc wizards (D:5)
  Natasha (D:3)
  Robin (D:3)
  9 adders
  2 ufetubi (D:5)
  3 dart slugs
  A ribbon worm (D:2)
  11 orcs
  2 bats (D:1)
  5 endoplasms
  3 giant cockroaches (D:1)
  19 goblins
  5 hobgoblins
  2 jackals (D:3)
  3 kobolds
  3 quokkas
  7 ball pythons
  3 frilled lizards
  4 rats
104 creatures vanquished.

Vanquished Creatures (others)
  A rat (D:2)
1 creature vanquished.

Grand Total: 105 creatures vanquished

Notes
Turn   | Place    | Note
-------+----------+-------------------------------------------
     0 | D:1      | Rubinix the Minotaur Berserker began the quest for the Orb.
     0 | D:1      | Reached XP level 1. HP: 19/19 MP: 0/0
    63 | D:1      | Found Xesch's Assorted Antiques.
   116 | D:1      | Reached XP level 2. HP: 21/27 MP: 1/1
   382 | D:1      | Found a faded altar of an unknown god.
  1238 | D:2      | Reached XP level 3. HP: 31/34 MP: 2/2
  1350 | D:2      | Reached ** piety under Trog
  1820 | D:2      | Identified a scroll of acquirement
  1820 | D:2      | Acquired a +2 great mace of protection
  1891 | D:3      | Noticed Robin
  1897 | D:3      | Noticed Ijyb
  1899 | D:3      | Reached skill level 1 in Polearms
  1903 | D:3      | Reached XP level 4. HP: 41/41 MP: 3/3
  1905 | D:3      | Killed Ijyb
  1906 | D:3      | Reached skill level 5 in Fighting
  1910 | D:3      | Killed Robin
  1911 | D:3      | Reached skill level 1 in Maces & Flails
  2497 | D:3      | Noticed Natasha
  2504 | D:3      | Killed Natasha
  2505 | D:3      | Reached XP level 5. HP: 44/48 MP: 4/4
  2527 | D:3      | Noticed Jessica
  2531 | D:3      | Killed Jessica
  3085 | D:4      | Found a runed translucent door.
  3085 | D:4      | Noticed Verono's ghost (amateur GnSh)
  3174 | D:4      | Reached XP level 6. HP: 56/57 MP: 5/5
  3909 | D:4      | Reached *** piety under Trog
  3975 | D:5      | Entered Level 5 of the Dungeon
  4243 | D:5      | Reached XP level 7. HP: 46/63 MP: 6/6
  4340 | D:5      | Found a snail-covered altar of Cheibriados.
  4340 | D:5      | Found a hide-covered altar of Uskayaw.
  4348 | D:5      | Found a faded altar of an unknown god.
  4350 | D:5      | Found a faded altar of an unknown god.
  4352 | D:5      | Found an opulent altar of Gozag.
  4464 | D:5      | Reached skill level 5 in Maces & Flails
  4704 | D:5      | Found a shimmering blue altar of Sif Muna.
  4704 | D:5      | Found a sparkling altar of Nemelex Xobeh.
  4704 | D:5      | Found a shadowy altar of Dithmenos.
  4738 | D:5      | Found a glowing golden altar of the Shining One.
  4741 | D:5      | Found a broken altar of Ashenzari.
  4744 | D:5      | Found a stormy altar of Qazlal.
  4748 | D:5      | Found a burning altar of Makhleb.
  4749 | D:5      | Found an ancient bone altar of Kikubaaqudgha.
  4817 | D:5      | Found a staircase to the Ecumenical Temple.
  4868 | D:5      | Found a radiant altar of Vehumet.
  5146 | D:6      | Reached XP level 8. HP: 71/71 MP: 7/7
  5188 | D:6      | Slain by an ogre

Illustrated notes

Levels and vault maps discovered:
D:1:      dpeg_arrival_windows_large_door, layout_loops_corners,
          basic_ecumenical_altar, serial_shops, shop_fountains,
          minmay_stone_trees_medium, nrook_uturn, minmay_hedge_maze
D:2:      layout_loops_ring
D:3:      layout_basic, st_stairs_13, kennysheep_flooded_box, uniq_ijyb,
          uniq_robin, uniq_jessica, uniq_natasha
D:4:      layout_basic, gammafunk_ghost_grave, minmay_misc_feat_cross
D:5:      layout_rooms, vehumet_crystals, nicolae_overflow_hallway_of_the_gods,
          chequers_temple_overflow_minitemple, minmay_temple_entry_butterflies,
          nicolae_titane
D:6:      layout_loops_corners

Skill      XL: |  1  2  3  4  5  6  7  8 |
---------------+-------------------------+-----
Axes           | 4 |  4.7
Fighting       | 4 5 6 7 |  7.0
Polearms       | 1 2 3 4 |  4.8
Maces & Flails | 1 3 4 7 |  7.5
Armour         | |  2.4
Dodging        | |  2.1

Action                     |  1- 3 |  4- 6 |  7- 9 || total
---------------------------+-------+-------+-------++-------
  Melee: Hand axe          |    75 |       |       ||    75
         Headbutt          |    11 |    12 |    10 ||    33
         Great mace        |    11 |    10 |       ||    21
         Mace              |       |    91 |    70 ||   161
         Punch             |       |     3 |       ||     3
 Invoke: Trog's Hand       |     1 |     1 |       ||     2
         Berserk           |     1 |       |       ||     1
    Use: Scroll            |    10 |     3 |     3 ||    16
 Armour: Animal skin       |    26 |       |       ||    26
         Ring mail         |    42 |    12 |       ||    54
         Scale mail        |       |    82 |    68 ||   150
  Dodge: Dodged            |    61 |    85 |    37 ||   183
